 Dungeon Crawl Stone Soup version 0.27-a0-887-gcab673c142 (webtiles) character file.

Game seed: 13043477784592061602

4928 Hasart the Chopper (level 10, 0/83 HPs)
             Began as a Demigod Fighter on Apr 4, 2021.
             Slain by an acid dragon (6 damage)
             ... on level 8 of the Dungeon.
             The game lasted 00:13:11 (11153 turns).

Hasart the Chopper (Demigod Fighter)               Turns: 11153, Time: 00:13:11

Health: 0/83       AC: -2    Str: 29    XL:     10   Next: 7%
Magic:  13/13      EV: 13    Int: 10    God:
Gold:   380        SH: 17    Dex: 13    Spells: 9/9 levels left

rFire    . . .     SeeInvis .   x - +2 hand axe (freeze)
rCold    + + .     Faith    .   c - +1 kite shield
rNeg     . . .     Spirit   .   g - +2 leather armour {rC+}
rPois    .         Reflect  +   (no helmet)
rElec    .         Harm     .   (no cloak)
rCorr    .         Rampage  .   (no gloves)
Will     +....                  (no boots)
Stlth    +.........             j - amulet of reflection
HPRegen  0.23/turn              t - +4 ring of evasion
MPRegen  0.13/turn              a - ring of protection from cold

@: corroded
A: high mp 1, forlorn
a: no special abilities


You were on level 8 of the Dungeon.
You visited 1 branch of the dungeon, and saw 8 of its levels.

You collected 380 gold pieces.

Inventory:

Hand Weapons
 o - a +4 flail of protection
 x - a +2 hand axe of freezing (weapon)
Missiles
 e - 24 poisoned darts (quivered)
Armour
 b - a +0 scale mail
 c - a +1 kite shield (worn)
 g - a +2 leather armour of cold resistance (worn)
Jewellery
 a - a ring of protection from cold (right hand)
 j - an amulet of reflection (around neck)
 s - an amulet of the acrobat
 t - a +4 ring of evasion (left hand)
Wands
 A - a wand of acid (5)
Scrolls
 f - 7 scrolls of identify
 h - a scroll of vulnerability
 k - a scroll of magic mapping
 n - 2 scrolls of fog
 q - 3 scrolls of teleportation
 v - a scroll of enchant armour
 y - a scroll of blinking {unknown}
Potions
 d - a potion of might
 i - a potion of brilliance {unknown}
 l - a potion of attraction {unknown}
 m - a potion of ambrosia {unknown}
 p - a potion of mutation {unknown}
 r - a potion of berserk rage {unknown}
 u - a potion of flight {unknown}
 w - a potion of lignification {unknown}
 z - a potion of curing {unknown}


   Skills:
 + Level 6.2 Fighting
 * Level 7.2(7.7) Axes
 - Level 3.6(5.9) Maces & Flails
 + Level 5.4 Throwing
 + Level 6.3 Armour
 + Level 6.1 Shields
 + Level 1.3 Evocations


You had 9 spell levels left.
You didn't know any spells.
Your spell library contained the following spells:

 Spells                   Type           Power      Damage    Failure   Level
 Summon Small Mammal      Summ           0%         N/A       78%         1
 Call Imp                 Summ           0%         N/A       89%         2
 Call Canine Familiar     Summ           0%         N/A       98%         3
 Summon Guardian Golem    Hex/Summ       0%         N/A       98%         3
 Summon Ice Beast         Ice/Summ       0%         N/A       100%        4
 Summon Lightning Spire   Summ/Air       0%         N/A       100%        4
 Bolt of Magma            Conj/Fire/Erth 0%         4d4       100%        5
 Iskenderun's Battlesphe  Conj           0%         2d6       100%        5
 Iron Shot                Conj/Erth      0%         9d1       100%        6
 Orb of Destruction       Conj           0%         N/A       100%        7
 Spellforged Servitor     Conj/Summ      0%         N/A       100%        7


Dungeon Overview and Level Annotations

Branches:
Dungeon (8/15)             Temple (0/1) D:6            Lair (0/6) D:8

Annotations:
D:4 3 runed translucent doors, Lanoc's ghost, weakling SpDe
D:7 3 runed translucent doors, nago's ghost, novice DjEE


Innate Abilities, Weirdness & Mutations

Your attributes grow dramatically as you level up.
You have an increased reservoir of magic. (+10% MP)
You shall have no god before yourself.


Message History

You barely miss the acid dragon. You block the acid dragon's attack.
The acid dragon closely misses you.
You hit the acid dragon. You freeze the acid dragon.
The acid dragon is lightly wounded.
You block the acid dragon's attack.
The acid dragon claws you but does no damage.
You hit the acid dragon. You freeze the acid dragon.
The acid dragon is moderately wounded.
You block the acid dragon's attack.
The acid dragon claws you but does no damage.
You hit the acid dragon. You freeze the acid dragon.
The acid dragon is heavily wounded.
You block the acid dragon's attack. x2
The acid dragon spits acid at you. The splash of acid hits you!
The acid corrodes you!
You are splashed with acid!
You hit the acid dragon but do no damage.
The acid dragon is heavily wounded.
You block the acid dragon's attack. The acid dragon barely misses you.
You hit the acid dragon but do no damage.
The acid dragon is heavily wounded.
The acid dragon spits acid at you. The splash of acid hits you!
* * * LOW HITPOINT WARNING * * *
The acid corrodes you!
You are splashed with acid!
* * * LOW HITPOINT WARNING * * *
You hit the acid dragon. You freeze the acid dragon.
The acid dragon is severely wounded.
You block the acid dragon's attack. The acid dragon completely misses you.
Unknown command.
You closely miss the acid dragon.
The acid dragon is severely wounded.
The acid dragon bites you.
* * * LOW HITPOINT WARNING * * *
You block the acid dragon's attack.
Unknown command.
Okay, then.
You hit the acid dragon. You freeze the acid dragon.
The acid dragon is severely wounded.
The acid dragon bites you.
You die...

### .....# #..
.....# .# #.#
.....# .# #.#
.....###.## #.#
..........#.# #D#
..........#.# #@#
..........#.## #.#
.............#.#.#
#.<..........#.#.#
#....#.........#.#
#.####.......###.#
#.# #...........#
#.#
#.......########
#.#
#........#.....#


You could see an acid dragon (catching breath).

Vanquished Creatures
  Pikel (D:8)
  An elephant (D:8)
  Grinder (D:6)
  A wyvern (D:8)
  7 yaks
  A water moccasin (D:8)
  2 orc warriors
  4 ogres
  An ice beast (D:6)
  2 black bears (D:8)
  3 centaurs
  A kobold brigand (D:5)
  A lemure (D:8)
  A bullfrog (D:8)
  4 scorpions
  A water moccasin zombie (D:6)
  A water moccasin skeleton (D:4)
  5 wights (D:7)
  2 howler monkeys (D:8)
  A centaur zombie (D:8)
  4 jellies
  2 bullfrog skeletons
  A gnoll shaman (D:6)
  3 hounds (D:4)
  4 orc priests
  A centaur skeleton (D:6)
  5 iguanas
  3 orc wizards
  A killer bee zombie (D:7)
  10 gnolls
  6 adders
  2 howler monkey skeletons
  A worm (D:3)
  21 orcs
  3 ball pythons (D:1)
  6 endoplasms
  3 giant cockroaches
  7 goblins
  7 hobgoblins
  3 jackals (D:2)
  8 kobolds
  4 quokkas
  5 bats
  2 frilled lizards (D:2)
  6 rats
159 creatures vanquished.

Notes
Turn   | Place    | Note
-------+----------+-------------------------------------------
     0 | D:1      | Hasart the Demigod Fighter began the quest for the Orb.
     0 | D:1      | Reached XP level 1. HP: 18/18 MP: 3/3
    49 | D:1      | Reached skill level 2 in Axes
   366 | D:1      | Reached XP level 2. HP: 25/25 MP: 4/4
   865 | D:2      | Reached XP level 3. HP: 19/30 MP: 5/5
  1475 | D:2      | Reached skill level 1 in Throwing
  1955 | D:3      | Reached XP level 4. HP: 29/38 MP: 6/6
  2789 | D:4      | Reached skill level 3 in Axes
  2852 | D:4      | Noticed an ogre
  2863 | D:4      | Killed an ogre
  2864 | D:4      | Reached XP level 5. HP: 35/45 MP: 7/7
  2975 | D:4      | Found a runed translucent gate.
  2976 | D:4      | Found a runed translucent gate.
  2977 | D:4      | Found a runed translucent gate.
  2978 | D:4      | Noticed Lanoc's ghost (weakling SpDe)
  3276 | D:4      | Reached XP level 6. HP: 39/51 MP: 8/8
  3639 | D:5      | Entered Level 5 of the Dungeon
  3644 | D:5      | Reached skill level 4 in Axes
  4718 | D:5      | Reached XP level 7. HP: 48/59 MP: 9/9
  5191 | D:4      | Reached skill level 5 in Axes
  5840 | D:6      | Identified the +1 robe of the Chupacabra {rPois rF- Str+8
                  | Int+3}
  5960 | D:6      | Reached XP level 8. HP: 67/67 MP: 10/10
  5965 | D:6      | Noticed Grinder
  5983 | D:6      | Killed Grinder
  5984 | D:6      | Reached skill level 1 in Maces & Flails
  6473 | D:6      | Reached skill level 5 in Armour
  6605 | D:6      | Reached skill level 5 in Shields
  6618 | D:6      | Reached skill level 5 in Fighting
  7097 | D:6      | Found a staircase to the Ecumenical Temple.
  7188 | D:7      | Noticed nago's ghost (novice DjEE)
  7734 | D:7      | Reached XP level 9. HP: 74/74 MP: 11/11
  7858 | D:7      | Found a runed translucent gate.
  7858 | D:7      | Found a runed translucent gate.
  7858 | D:7      | Found a runed translucent gate.
  8458 | D:8      | Noticed Pikel
  8474 | D:8      | Killed Pikel
  8475 | D:8      | Reached skill level 6 in Axes
  8734 | D:8      | Noticed an elephant
  9699 | D:8      | Reached skill level 5 in Throwing
  9803 | D:8      | Killed an elephant
 10175 | D:7      | Reached skill level 7 in Axes
 10460 | D:7      | Reached skill level 1 in Evocations
 10747 | D:8      | Reached XP level 10. HP: 83/83 MP: 13/13
 10881 | D:8      | Found a staircase to the Lair.
 11153 | D:8      | Slain by an acid dragon

Illustrated notes

Levels and vault maps discovered:
D:1:      minmay_arrival_wavy_path, layout_rooms
D:2:      layout_basic, basic_ecumenical_altar, st_stairs_5, minmay_hexomino_c4
D:3:      layout_loops_ring, minmay_stone_trees_medium
D:4:      layout_basic, gammafunk_ghost_necromancy, cheibrodos_gnoll_hut
D:5:      layout_rooms
D:6:      minmay_general_purpose_star, layout_basic, lemuel_doored_altar,
          minmay_temple_entry_nine_rooms, uniq_grinder
D:7:      layout_basic, gammafunk_ghost_icy
D:8:      layout_basic, david_lair_generic, uniq_pikel

Skill      XL: |  1  2  3  4  5  6  7  8  9 |
---------------+----------------------------+-----
Axes           | 2 3 4 5 7 |  7.2
Armour         | 3 4 5 6 |  6.3
Fighting       | 3 4 5 6 |  6.2
Shields        | 3 4 5 6 |  6.1
Throwing       | 1 2 3 4 5 |  5.4
Maces & Flails | 3 |  3.6
Evocations     | 1 |  1.3

Action                   |  1- 3 |  4- 6 |  7- 9 | 10-12 || total
-------------------------+-------+-------+-------+-------++-------
Melee: War axe           |   130 |    18 |       |       ||   148
       Flail             |       |   121 |   194 |       ||   315
       Hand axe          |       |       |   162 |    23 ||   185
Throw: Dart              |       |     4 |    27 |       ||    31
  Use: Scroll            |     5 |     3 |     3 |       ||    11
       Potion            |       |       |     1 |       ||     1
Armor: Scale mail        |    53 |    63 |    32 |       ||   148
       Leather armour    |       |       |    50 |     2 ||    52
Dodge: Dodged            |    39 |    46 |   120 |     6 ||   211
Block: Kite shield       |   114 |   172 |   345 |    21 ||   652
       Reflection        |       |     5 |     8 |       ||    13

Table legend: (Time is in decaauts)
 A = Elapsed time spent in this place.
 B = Non-inter-level travel time spent in this place.
 C = Inter-level travel time spent in this place.
 D = Time resting spent in this place.
 E = Time spent auto-exploring this place.
 F = Levels seen in this place.
 G = Mean time per level.
                   A        B        C        D        E       F      G
               +--------+--------+--------+--------+--------+-----+--------+
         Total |  11429 |  11217 |    212 |   3105 |   6335 |   8 | 1428.6 |
       Dungeon |  11429 |  11217 |    212 |   3105 |   6335 |   8 | 1428.6 |
               +--------+--------+--------+--------+--------+-----+--------+

Top non-repeatable levels by time:
     D:7: 2806 daAuts
     D:4: 2316 daAuts
     D:8: 1445 daAuts
     D:6: 1171 daAuts
     D:2: 1163 daAuts
     D:1: 860 daAuts
     D:3: 841 daAuts
     D:5: 824 daAuts
